 Dungeon Sprint DCSS version 0.30-a0-989-g0d87f670db (webtiles) character file.

Game seed: 17702149948189739104

7936 domi the Fighter (level 11, -4/98 HPs)
             Began as a Demonspawn Conjurer on Apr 2, 2023.
             Was the Champion of Kikubaaqudgha.
             Slain by a vampire knight
             ... wielding a +0 war axe
              (16 damage)
             ... while paralysed by a vampire knight
             ... in the Dungeon (Sprint V: "Ziggurat Sprint").
             The game lasted 00:12:44 (421 turns).

domi the Fighter (Demonspawn Conjurer)               Turns: 421, Time: 00:12:44

Health: -4/98      AC:  5    Str:  9    XL:     11   Next: 3%
Magic:  11/18      EV:  2    Int: 35    God:    Kikubaaqudgha [******]
Gold:   0          SH:  0    Dex: 11    Spells: 2/20 levels left

rFire   . . .      SeeInvis +    v - staff of death {rN+}
rCold   . . .      Faith    .    m - orb {mayhem}
rNeg    + . .      Spirit   .    a - +0 robe
rPois   .          Reflect  .    y - +0 helmet {SInv}
rElec   .          Rampage  .    (no cloak)
rCorr   .          NoTele   +    (no gloves)
Will    .....                    (no boots)
Stlth   ++                       (no amulet)
HPRegen 0.36/turn                q - +6 ring of intelligence
MPRegen 0.16/turn                r - +6 ring of intelligence

@: paralysed, death channelling, animating dead, studying Staves, invisible
A: hooves 2, ignite blood 2, sharp scales 2
a: Renounce Religion, Unearth Wretches, Torment


You were in the Dungeon.
You worshipped Kikubaaqudgha.
Kikubaaqudgha was exalted by your worship.
You visited 1 branch

Inventory:

Hand Weapons
 t - the +6 Majin-Bo {spellvamp, MP+6 Int+6}
   (You found it in the Dungeon)

   Int:       It affects your intelligence (+6).
   MP:        It affects your magic capacity (+6).
Armour
 a - a +0 robe (worn)
 m - an orb of mayhem (worn)
   (You found it in the Dungeon)
 n - a +5 crystal plate armour
   (You found it in the Dungeon)
 u - the +18 shield of the Gong {Loud rN+ Will+ rCorr EV-5}
   (You found it in the Dungeon)

   Loud:      It is deafeningly noisy when blocking attacks.
   EV:        It affects your evasion (-5).
   rN:        It protects you from negative energy.
   rCorr:     It protects you from acid and corrosion.
   Will:      It increases your willpower.
 y - a +0 helmet of see invisible (worn)
   (You found it in the Dungeon)
Magical Staves
 v - a staff of death (weapon) {rN+}
   (You found it in the Dungeon)
 w - the staff of conjuration "Anurchywy" {SInv, !a}
   (You found it in the Dungeon)

   [staff of conjuration]

   Base accuracy: +5 Base damage: 5 Base attack delay: 1.2 This weapon's minimum
   attack delay (0.6) is reached at skill level 12.
   SInv:      It lets you see invisible.
   It falls into the 'Staves' category.
   It is a one-handed weapon.
Jewellery
 q - a +6 ring of intelligence (left hand)
   (You found it in the Dungeon)
 r - a +6 ring of intelligence (right hand)
   (You found it in the Dungeon)
Wands
 o - a wand of mindburst (5)
   (You found it in the Dungeon)
 p - a wand of quicksilver (7)
   (You found it in the Dungeon)
Potions
 b - 7 potions of magic
 c - 9 potions of curing {@q1}
 d - 8 potions of heal wounds {@q2}
 e - 10 potions of haste {@q3}
 f - 3 potions of berserk rage {!q!q}
 h - 2 potions of brilliance
 i - a potion of invisibility
 j - 4 potions of resistance
 l - 5 potions of might
 x - a potion of degeneration {unknown}
Miscellaneous
 g - a box of beasts (inert)
   (You found it in the Dungeon)
 s - a lightning rod (2/4) {!a}
   (You found it in the Dungeon)


   Skills:
 + Level 13.6 Fighting
 - Level 1.7 Dodging
 - Level 1.7 Stealth
 - Level 5.0 Spellcasting
 - Level 8.0 Conjurations
 + Level 11.0 Necromancy
 - Level 5.0 Translocations
 + Level 3.7 Transmutations
 + Level 13.6 Evocations


You had 2 spell levels left.
You knew the following spells:

 Your Spells              Type           Power      Damage    Failure   Level
n - Sublimation of Blood  Necr           92%        N/A       1%          2
x - Iskenderun's Mystic   Conj/Tloc      53%        2d11      2%          4
y - Necrotise             Necr           100%       1d9       1%          1
z - Magic Dart            Conj           100%       1d8       1%          1
X - Animate Dead          Necr           92%        N/A       1%          4
Z - Death Channel         Necr           46%        N/A       7%          6

Your spell library contained the following spells:

 Spells                   Type           Power      Damage    Failure   Level
 Sting                    Tmut/Pois      84%        1d7       1%          1
 Cigotuvi's Dreadful Rot  Necr/Pois/Air  100%       N/A       1%          2
 Searing Ray              Conj           100%       2d8       1%          2
 Poisonous Vapours        Pois/Air       16%        N/A       6%          2
 Dispel Undead            Necr           92%        3d29      1%          4
 Agony                    Necr           92%        N/A       1%          5
 Dazzling Flash           Conj/Hex       72%        N/A       2%          3
 Stone Arrow              Conj/Erth      72%        3d11      2%          3
 Mephitic Cloud           Conj/Pois/Air  27%        N/A       4%          3
 Anguish                  Hex/Necr       31%        N/A       4%          4
 Passage of Golubria      Tloc           43%        N/A       5%          4
 Flame Wave               Conj/Fire      36%        2d10      8%          4
 Fulminant Prism          Conj/Hex       18%        3d11      8%          4
 Sticky Flame             Conj/Fire      36%        2d6       8%          4
 Inner Flame              Hex/Fire       8%         N/A       12%         3
 Tukima's Dance           Hex            8%         N/A       12%         3
 Olgreb's Toxic Radiance  Pois           8%         N/A       38%         4
 Yara's Violent Unravell  Hex/Tmut       10%        3d6       47%         5
 Starburst                Conj/Fire      18%        6d7       77%         6
 Borgnjor's Revivificati  Necr           46%        N/A       96%         8
 Infestation              Necr           46%        N/A       96%         8
 Haunt                    Necr/Summ      31%        N/A       98%         7
 Enfeeble                 Hex            4%         N/A       100%        7
 Ignition                 Fire           4%         3d4       100%        8
 Necromutation            Tmut/Necr      37%        N/A       100%        8
 Death's Door             Necr           46%        N/A       100%        9


Dungeon Overview and Level Annotations

Branches:
Dungeon (1/1)

Altars:
Ashenzari
Cheibriados
Dithmenos
Fedhas
Gozag
Hepliaklqana
Kikubaaqudgha
Makhleb
Nemelex Xobeh
Okawaru
Qazlal
Ru
Sif Muna
Trog
Uskayaw
Vehumet
Wu Jian
Xom
Yredelemnul
Jiyva
Lugonu


Innate Abilities, Weirdness & Mutations

You have hoof-like feet.
Your demonic aura often causes spilled blood to erupt in flames.
You are mostly covered in razor-sharp scales. (AC +2, Slay +2)


Message History

The shadow slips into darkness.
The shadow flickers and vanishes for a moment.
The shadow barely misses your spectral hell hound.
The shadow closely misses your spectral hell hound.
The vampire mage barely misses your spectral hell hound. x2
A ball python skeleton comes into view.
The vampire knight gestures at you while chanting.
The vampire knight blinks!
Your spectral hell hound bites the shadow but does no damage. x2
Your spectral hell hound closely misses the shadow.
You open the lid... ...and a mature batfire beast flies out!
The box is emptied!
Your spectral hell hound barely misses the shadow.
The shadow hits your spectral hell hound.
The shadow hits your spectral hell hound!
The vampire mage mumbles some strange words.
The shadow hits your spectral hell hound.
Your spectral hell hound barely misses the shadow.
Your spectral hell hound bites the shadow. x2
The adder skeleton barely misses your spectral hell hound.
Your spectral hell hound closely misses the shadow.
An ancient lich, a vampire mage and a vampire knight come into view.
The vampire mage is wielding a +1 war axe of electrocution.
Your spectral hell hound barely misses the shadow. x2
Your spectral hell hound bites the shadow.
The ball python skeleton bites your spectral hell hound but does no damage.
The shadow slips into darkness.
The shadow flickers and vanishes for a moment.
The shadow hits your spectral hell hound!
The shadow closely misses your spectral hell hound.
Your spectral hell hound barely misses the shadow.
The adder skeleton bites your spectral hell hound but does no damage.
Your spectral hell hound barely misses the shadow.
Your spectral hell hound bites the ball python skeleton.
Your spectral hell hound bites the shadow.
Aim: a vampire knight, wielding a +0 war axe and wearing a +0 chain mail (fast, slightly transparent)
The thunderbolt hits the vampire knight!!
The spectral bat hits your spectral hell hound.
Your spectral hell hound bites the shadow but does no damage.
The spectral bat hits your spectral hell hound but does no damage.
The shadow closely misses your spectral hell hound. x2
The ball python skeleton barely misses your spectral hell hound.
The shadow hits your spectral hell hound!
Your spectral hell hound bites the ball python skeleton!
The ball python skeleton is destroyed!
Kikubaaqudgha accepts your kill.
Your spectral hell hound barely misses the spectral bat.
Your spectral hell hound bites the shadow but does no damage.
The spectral bat hits your spectral hell hound but does no damage.
Your spectral hell hound closely misses the shadow.
Aim: a vampire mage, wearing a +0 robe The thunderbolt hits the vampire mage.
The thunderbolt hits the vampire knight!
Your spectral hell hound bites the spectral bat!
The spectral bat is destroyed!
The spectral bat disappears in a puff of smoke!
Your spectral hell hound bites the shadow but does no damage.
The vampire mage casts a spell.
The vampire mage flickers and vanishes for a moment.
The shadow barely misses your spectral hell hound.
The shadow hits your spectral hell hound.
Your spectral hell hound barely misses the shadow.
The vampire knight casts a spell at you.
You suddenly lose the ability to move!
Your spectral hell hound bites the shadow.
Your spectral hell hound bites the shadow!
The vampire mage hits you but does no damage.
The vampire mage bites you!
The vampire mage draws strength from your injuries!
The vampire knight gestures at you while chanting.
The vampire knight blinks!
The shadow slips into darkness.
The shadow flickers and vanishes for a moment.
The vampire knight hits you but does no damage.
The vampire knight bites you but does no damage.
The shadow slips into darkness.
The shadow flickers and vanishes for a moment.
Your spectral hell hound bites the vampire mage but does no damage.
Your spectral hell hound barely misses the shadow.
Your spectral hell hound misses the vampire mage.
Your spectral hell hound barely misses the shadow.
The vampire knight hits you with a +0 war axe!!
* * * LOW HITPOINT WARNING * * *
The vampire knight bites you but does no damage.
Your spectral hell hound barely misses the vampire mage.
Your spectral hell hound bites the shadow.
Your spectral hell hound bites the vampire mage but does no damage.
The vampire knight casts a spell.
The vampire knight flickers and vanishes for a moment.
The shadow hits your spectral hell hound!
Your spectral hell hound is destroyed!
The shadow barely misses your spectral hell hound.
The vampire mage hits you but does no damage.
The vampire mage bites you!
* * * LOW HITPOINT WARNING * * *
The vampire mage draws strength from your injuries!
The vampire knight hits you with a +0 war axe!
You die...
Kikubaaqudgha rasps: "You have failed me!
Welcome... death!"

▓...8©8...▓
▓...).}:..▓..|))|)..▓
▓..=):)|..▓...)[|[..▓
▓....Z....▓.........▓
▓..nWWVLW.▓.........▓
▓....Z....▓.........▓
▓..VZ.Z...▓.....†...▓
▓....VH...▓.▓...††▓.▓
▓.▓..V@§▓.▓....©....▓
▓....©.§..▓▓▓▓▓▓▓▓▓▓▓
▓▓▓▓▓▓▓▓▓▓▓


You could see an ancient lich, 2 vampire knights, 2 vampire magi, a necrophage
(summoned, unable to see you), 3 shadows, an adder skeleton (unable to see you),
a friendly mature batfire beast (summoned) and 3 friendly spectral hell hounds.

Vanquished Creatures
  A black mamba (D)
  2 komodo dragons (D)
  Sigmund (D)
  A golden eye (D)
  A large abomination (D)
  4 hell hounds (D)
  2 wolves (D)
  A phantom (D)
  A bullfrog (D)
  2 necrophages (D)
  Blork the orc (D)
  A water moccasin zombie (D)
  A jelly (D)
  Crazy Yiuf (D)
  Jessica (D)
  An adder (D)
  An ufetubus (D)
  2 adder zombies (D)
  A bat zombie (D)
  An endoplasm (D)
  A quokka skeleton (D)
28 creatures vanquished.

Vanquished Creatures (collateral kills)
  A black mamba (D)
  A naga mage (D)
  A fire elemental (D)
  A golden eye (D)
  A naga (D)
  A water moccasin (D)
  3 hell hounds (D)
  A komodo dragon zombie (D)
  2 crimson imps (D)
  2 quasits (D)
  An iron imp (D)
  An iguana (D)
  An adder (D)
  2 river rats (D)
  3 shadow imps (D)
  3 white imps (D)
  An ufetubus (D)
  A river rat zombie (D)
  A ball python skeleton (D)
  A jackal zombie (D)
29 creatures vanquished.

Vanquished Creatures (others)
  A black mamba zombie (D)
  A hell hound (D)
  A komodo dragon zombie (D)
  A hell hound zombie (D)
  A wolf zombie (D)
  2 naga zombies (D)
  An iguana zombie (D)
  A river rat zombie (D)
  A fire vortex (D)
10 creatures vanquished.

Grand Total: 67 creatures vanquished

Notes
Turn   | Place    | Note
-------+----------+-------------------------------------------
     0 | D        | domi the Demonspawn Conjurer began the quest for the Orb.
     0 | D        | Reached XP level 1. HP: 13/13 MP: 3/3
     0 | D        | Found a shimmering blue altar of Sif Muna.
     0 | D        | Found a sacrificial altar of Ru.
     0 | D        | Found a bloodstained altar of Trog.
     0 | D        | Found a stormy altar of Qazlal.
     0 | D        | Found an iron altar of Okawaru.
     0 | D        | Found a sparkling altar of Nemelex Xobeh.
     0 | D        | Found a blossoming altar of Fedhas.
     0 | D        | Found the +6 Majin-Bo {spellvamp, MP+6 Int+6}
     0 | D        | Found the +27 heavy crossbow "Sniper" {heavy, Acc+∞ SInv}
     0 | D        | Found the +10 dark maul {heavy}
     0 | D        | Found the +15 Maxwell's patent armour {-Cast -Tele rElec
                  | Will+ rCorr}
     0 | D        | Found the +18 shield of the Gong {Loud rN+ Will+ rCorr
                  | EV-5}
     0 | D        | Found the +16 obsidian axe {drain, demonic, Mesm Drain Fly
                  | SInv}
     0 | D        | Found the +7 great mace "Firestarter" {flame, inner flame,
                  | rFlCloud rF++}
     0 | D        | Found the +6 shillelagh "Devastator" {shatter}
     0 | D        | Found the +11 plutonium sword {Contam Stlth-}
     0 | D        | Found the +8 lance "Wyrmbane" {slay drac, rPois rF+ rC+
                  | AC+3}
     0 | D        | Found the +9 sword of Zonguldrok {reap}
     0 | D        | Found the +13 scythe of Curses {drain, curses, Drain}
     0 | D        | Found the +9 sword of Power {lifebolt}
     0 | D        | Found the +7 mace of Variability {chaos, chain chaos}
     0 | D        | Found the +11 Singing Sword {sonic wave}
     0 | D        | Found the +8 storm bow {elec, penet}
    25 | D        | Found a corrupted altar of Lugonu.
    25 | D        | Found an ancient bone altar of Kikubaaqudgha.
    25 | D        | Found a burning altar of Makhleb.
    25 | D        | Found a transporter.
    25 | D        | Found a viscous altar of Jiyva.
    25 | D        | Found a hazy altar of Hepliaklqana.
    46 | D        | Became a worshipper of Kikubaaqudgha
    47 | D        | Found an opulent altar of Gozag.
    94 | D        | Entered arena 2.
    94 | D        | Noticed a wolf
    94 | D        | Noticed a bullfrog
    94 | D        | Found a transporter.
    96 | D        | Killed a wolf
    97 | D        | Reached skill level 8 in Evocations
    97 | D        | Gained mutation: You are partially covered in razor-sharp
                  | scales. (AC +1, Slay +1) [demonic ancestry]
    97 | D        | Reached XP level 2. HP: 17/19 MP: 5/5
    97 | D        | Gained mutation: Your demonic aura sometimes causes spilled
                  | blood to erupt in flames. [demonic ancestry]
    97 | D        | Reached XP level 3. HP: 22/24 MP: 6/6
    97 | D        | Gained mutation: You have large cloven feet. [demonic
                  | ancestry]
    97 | D        | Reached XP level 4. HP: 27/30 MP: 7/7
    97 | D        | Killed a bullfrog
    98 | D        | Reached skill level 10 in Evocations
    98 | D        | Reached XP level 5. HP: 32/35 MP: 8/8
   109 | D        | Entered arena 3.
   109 | D        | Noticed a golden eye
   109 | D        | Found a transporter.
   110 | D        | Reached * piety under Kikubaaqudgha
   110 | D        | Received a gift from Kikubaaqudgha
   111 | D        | Reached skill level 5 in Conjurations
   112 | D        | Killed a golden eye
   113 | D        | Reached skill level 8 in Conjurations
   113 | D        | Reached skill level 4 in Spellcasting
   113 | D        | Gained mutation: Your demonic aura often causes spilled
                  | blood to erupt in flames. [demonic ancestry]
   113 | D        | Reached XP level 6. HP: 41/41 MP: 13/13
   118 | D        | Learned a level 4 spell: Iskenderun's Mystic Blast
   123 | D        | Learned a level 4 spell: Animate Dead
   126 | D        | Learned a level 2 spell: Sublimation of Blood
   133 | D        | Got the staff of conjuration "Anurchywy" {SInv, !a}
   145 | D        | Entered arena 4.
   145 | D        | Found a transporter.
   146 | D        | Reached ** piety under Kikubaaqudgha
   149 | D        | Reached skill level 5 in Spellcasting
   149 | D        | Reached skill level 5 in Translocations
   149 | D        | Reached skill level 2 in Necromancy
   149 | D        | Reached *** piety under Kikubaaqudgha
   149 | D        | Received a gift from Kikubaaqudgha
   150 | D        | Reached skill level 4 in Necromancy
   159 | D        | Entered arena 5.
   159 | D        | Noticed Sigmund
   159 | D        | Noticed Jessica
   159 | D        | Noticed Blork the orc
   159 | D        | Noticed Crazy Yiuf
   159 | D        | Found a transporter.
   161 | D        | Killed Jessica
   162 | D        | Reached skill level 5 in Necromancy
   162 | D        | Gained mutation: You are mostly covered in razor-sharp
                  | scales. (AC +2, Slay +2) [demonic ancestry]
   162 | D        | Reached XP level 7. HP: 46/46 MP: 14/14
   162 | D        | Killed Sigmund
   162 | D        | Killed Crazy Yiuf
   163 | D        | Reached skill level 8 in Necromancy
   163 | D        | Killed Blork the orc
   164 | D        | Reached skill level 9 in Necromancy
   170 | D        | Got the Tome of Venin and the Mantle
   198 | D        | Entered arena 6.
   198 | D        | Noticed a fire elemental
   198 | D        | Found a transporter.
   199 | D        | HP: 2/46 [fire vortex (17)]
   204 | D        | Reached **** piety under Kikubaaqudgha
   205 | D        | Reached skill level 2 in Fighting
   205 | D        | Reached skill level 10 in Necromancy
   206 | D        | Reached skill level 4 in Fighting
   206 | D        | Killed a fire elemental
   207 | D        | Reached skill level 5 in Fighting
   207 | D        | Reached XP level 8. HP: 59/64 MP: 11/15
   208 | D        | Reached skill level 7 in Fighting
   218 | D        | Entered arena 7.
   219 | D        | Reached ***** piety under Kikubaaqudgha
   220 | D        | Reached skill level 8 in Fighting
   221 | D        | Learned a level 1 spell: Necrotise
   221 | D        | Found a transporter.
   232 | D        | Reached skill level 9 in Fighting
   307 | D        | Entered arena 8.
   307 | D        | Noticed a naga mage
   307 | D        | Noticed a black mamba
   307 | D        | Noticed a black mamba
   310 | D        | Killed a black mamba
   311 | D        | Reached skill level 10 in Fighting
   312 | D        | Reached XP level 9. HP: 79/79 MP: 11/16
   312 | D        | Killed a naga mage
   313 | D        | Reached skill level 11 in Fighting
   313 | D        | Reached skill level 11 in Evocations
   313 | D        | Killed a black mamba
   313 | D        | Reached ****** piety under Kikubaaqudgha
   314 | D        | Reached skill level 12 in Fighting
   314 | D        | Reached skill level 12 in Evocations
   314 | D        | Found a transporter.
   327 | D        | Entered arena 9.
   327 | D        | Noticed a komodo dragon
   327 | D        | Noticed a komodo dragon
   331 | D        | Killed a komodo dragon
   334 | D        | Found a transporter.
   337 | D        | Killed a komodo dragon
   343 | D        | Received a gift from Kikubaaqudgha
   351 | D        | Learned a level 6 spell: Death Channel
   352 | D        | Entered arena 10.
   358 | D        | Found a transporter.
   360 | D        | Reached skill level 13 in Evocations
   361 | D        | Reached skill level 13 in Fighting
   375 | D        | Got the Volume of Flamy Nightshade
   386 | D        | Entered arena 11.
   390 | D        | Found a transporter.
   396 | D        | Reached skill level 1 in Transmutations
   398 | D        | Reached skill level 2 in Transmutations
   404 | D        | Reached XP level 10. HP: 53/92 MP: 13/17
   413 | D        | Entered arena 12.
   413 | D        | Noticed a vampire mage
   413 | D        | Noticed a vampire knight
   415 | D        | Reached skill level 11 in Necromancy
   415 | D        | Reached skill level 3 in Transmutations
   415 | D        | Gained mutation: You have hoof-like feet. [demonic
                  | ancestry]
   415 | D        | Reached XP level 11. HP: 60/98 MP: 10/18
   417 | D        | Noticed an ancient lich
   417 | D        | Noticed a vampire mage
   417 | D        | Noticed a vampire knight
   419 | D        | Paralysed by a vampire knight for 3 turns
   421 | D        | HP: 22/98 [vampire knight/+0 war axe (32)]
   421 | D        | Slain by a vampire knight

Illustrated notes

Levels and vault maps discovered:
D:        sprint_v [room_start, room_1, room_2, room_3, room_4, room_5, room_6,
          room_7, room_8, room_9, room_10, room_11, room_12, room_13, room_14,
          room_15, room_16, room_17, room_18, room_19, room_20, room_21,
          room_22, room_23, room_24, room_25, room_26, room_27]

Skill      XL: |  1  2  3  4  5  6  7  8  9 10 |
---------------+-------------------------------+-----
Evocations     | 8 10 13 | 13.6
Conjurations   | 8 |  8.0
Spellcasting   | 4 5 |  5.0
Translocations | 5 |  5.0
Necromancy     | 5 10 11 | 11.0
Fighting       | 5 10 13 | 13.6
Transmutations | 2 3 |  3.7
Dodging        | |  1.7
Stealth        | |  1.7

Action                     |  1- 3 |  4- 6 |  7- 9 | 10-12 || total
---------------------------+-------+-------+-------+-------++-------
  Melee: Staff             |       |     1 |     1 |       ||     2
   Cast: Animate Dead      |       |       |     2 |     1 ||     3
         Iskenderun's Myst |       |       |     3 |       ||     3
         Death Channel     |       |       |     2 |       ||     2
 Invoke: Receive Forbidden |       |       |     1 |       ||     1
  Evoke: Lightning rod     |     2 |     8 |     9 |     2 ||    21
         Box of beasts     |       |       |     3 |     1 ||     4
         Wand              |       |       |     2 |       ||     2
    Use: Potion            |       |     1 |     3 |     2 ||     6
         Scroll            |       |       |     1 |       ||     1
 Armour: Robe              |       |       |     3 |     5 ||     8
  Dodge: Dodged            |       |       |    18 |       ||    18
  Block: Kite shield       |     3 |       |       |       ||     3

Table legend: (Time is in decaauts)
 A = Elapsed time spent in this place.
 B = Non-inter-level travel time spent in this place.
 C = Inter-level travel time spent in this place.
 D = Time resting spent in this place.
 E = Time spent auto-exploring this place.
 F = Levels seen in this place.
 G = Mean time per level.
                   A        B        C        D        E       F      G
               +--------+--------+--------+--------+--------+-----+--------+
         Total |    419 |    419 |      0 |    120 |      0 |   1 |  419.0 |
       Dungeon |    419 |    419 |      0 |    120 |      0 |   1 |  419.0 |
               +--------+--------+--------+--------+--------+-----+--------+

Top non-repeatable levels by time:
       D: 419 daAuts

Table legend:
 A = Kills in this place as a percentage of kills in the entire game.
 B = Kills by you in this place as a percentage of kills by you in the entire game.
 C = Kills by friends in this place as a percentage of kills by friends in the entire game.
 D = Other kills in this place as a percentage of other kills in the entire game.
 E = Experience gained in this place as a percentage of experience gained in the entire game.
 F = Experience gained in this place divided by the number of levels of this place that you have seen.
                   A       B       C       D       E      F
               +-------+-------+-------+-------+-------+----------------------
         Total | 100.0 | 100.0 | 100.0 | 100.0 | 100.0 | 5712.0
       Dungeon | 100.0 | 100.0 | 100.0 | 100.0 | 100.0 | 5712.0
               +-------+-------+-------+-------+-------+----------------------
